 Dungeon Crawl Stone Soup version 0.29-a0-653-gd47aff6735 (webtiles) character file.

Game seed: 2323546970490348308

209651 zishaf the Impassioned (level 18, -9/109 HPs)
             Began as a Vine Stalker Brigand on June 21, 2022.
             Was a Priest of Uskayaw.
             Succumbed to a redback's poison
             ... on level 4 of the Spider Nest.
             The game lasted 01:47:10 (31826 turns).

zishaf the Impassioned (Vine Stalker Brigand)      Turns: 31826, Time: 01:47:11

Health: -9/109     AC: 24    Str: 15 (17) XL:     18   Next: 83%
Magic:  0/41       EV: 10    Int: 15 (18) God:    Uskayaw [***...]
Gold:   2854       SH: 20    Dex: 21      Spells: 17/17 levels left

rFire   + + +      SeeInvis .   n - +9 quick blade (venom)
rCold   . . .      Faith    +   T - +0 tower shield
rNeg    . . .      Spirit   +   N - +1 fire dragon scales of Boc Jimu {rPois rF++ rC- Regen+ MP+9}
rPois   +          Reflect  .   L - +0 helmet
rElec   .          Harm     .   K - +1 cloak of the Eleven Nightmares {Int+7}
rCorr   .          Rampage  .   g - +1 pair of gloves
Will    ++...                   W - +2 pair of boots {Fly}
Stlth   ++++......              i - amulet of faith
HPRegen 1.88/turn               d - +4 ring of protection
MPRegen 0.27/turn               p - ring of protection from cold

@: lethally poisoned (-9 -> -47), about to teleport, flying
A: fangs 3, regeneration 1, magic shield, antimagic bite, no potion heal 2, fire
resistance 1, subdued magic 1
}: 1/15 runes: decaying
a: Renounce Religion, Stomp, Line Pass


You were on level 4 of the Spider Nest.
You worshipped Uskayaw.
Uskayaw was most pleased with you.
You visited 6 branches of the dungeon, and saw 32 of its levels.
You also visited: Sewer, Ice Cave and Volcano.

You collected 3678 gold pieces.
You spent 824 gold pieces at shops.

Inventory:

Hand Weapons
 n - a +9 quick blade of venom (weapon)
Missiles
 e - 9 curare-tipped darts
 q - 14 boomerangs (quivered)
 r - 4 throwing nets
 G - 3 silver boomerangs
 I - 4 javelins
Armour
 g - a +1 pair of gloves (worn)
 D - a +1 buckler of cold resistance
 K - the +1 cloak of the Eleven Nightmares (worn) {Int+7}
   (You found it on level 11 of the Dungeon)

   Int:       It affects your intelligence (+7).
 L - a +0 helmet (worn)
 N - the +1 fire dragon scales of Boc Jimu (worn) {rPois rF++ rC- Regen+ MP+9}
   (You found it in a volcano)

   rF:        It greatly protects you from fire.
   rC:        It makes you vulnerable to cold.
   rPois:     It protects you from poison.
   MP:        It affects your magic capacity (+9).
   Regen:     It increases your rate of health regeneration.
 P - the +2 robe "Viaruvoc" {rPois rC+}
   (You found it on level 2 of the Lair of Beasts)

   rC:        It protects you from cold.
   rPois:     It protects you from poison.
 T - a +0 tower shield (worn)
 W - a +2 pair of boots of flying (worn)
 Z - the +0 cloak "Ziwkucro" {Int-2 Dex+3 SInv}
   (You found it on level 2 of the Swamp)

   Int:       It affects your intelligence (-2).
   Dex:       It affects your dexterity (+3).
   SInv:      It lets you see invisible.
Jewellery
 d - a +4 ring of protection (left hand)
 i - an amulet of faith (around neck)
 p - a ring of protection from cold (right hand)
 A - a ring of resist corrosion
 X - a ring of protection from fire
Wands
 b - a wand of flame (30)
 c - a wand of acid (4)
 y - a wand of paralysis (38)
 z - a wand of polymorph (17)
 C - a wand of iceblast (24)
 M - a wand of digging (6)
Scrolls
 f - 4 scrolls of silence
 m - 2 scrolls of fear
 o - 13 scrolls of teleportation
 w - 2 scrolls of summoning
 O - 2 scrolls of blinking
 Q - a scroll of brand weapon
 R - 4 scrolls of magic mapping
 S - 4 scrolls of enchant armour
 U - a scroll of fog
 V - a scroll of poison
Potions
 a - 4 potions of lignification
 h - 9 potions of ambrosia
 j - 7 potions of mutation
 k - 2 potions of brilliance
 l - 4 potions of invisibility
 s - 2 potions of berserk rage
 t - 2 potions of magic
 u - a potion of cancellation
 v - 6 potions of might
 x - 11 potions of curing
 B - 4 potions of resistance
 F - 6 potions of attraction
 Y - 4 potions of haste
Miscellaneous
 E - a tin of tremorstones (2/2)


   Skills:
 + Level 17.9 Fighting
 - Level 6.5(8.0) Short Blades
 - Level 6.9(8.1) Long Blades
 - Level 2.0 Throwing
 + Level 6.2 Armour
 + Level 6.4 Dodging
 - Level 13.0 Stealth
 - Level 13.0 Shields
 + Level 18.4 Invocations
 - Level 5.0 Evocations


You had 17 spell levels left.
You didn't know any spells.
Your spell library contained the following spells:

 Spells                   Type           Power      Damage    Failure   Level
 Freeze                   Ice            0%         1d3       99%         1
 Magic Dart               Conj           0%         1d3       99%         1
 Shock                    Conj/Air       0%         1d3       99%         1
 Sting                    Tmut/Pois      0%         1d3       99%         1
 Summon Small Mammal      Summ           0%         N/A       99%         1
 Poisonous Vapours        Pois/Air       0%         N/A       100%        2
 Searing Ray              Conj           0%         2d4       100%        2
 Static Discharge         Conj/Air       0%         N/A       100%        2
 Sublimation of Blood     Necr           0%         N/A       100%        2
 Wereblood                Tmut           0%         N/A       100%        2
 Call Canine Familiar     Summ           0%         N/A       100%        3
 Frozen Ramparts          Ice            0%         1d2       100%        3
 Gell's Gravitas          Tloc           0%         N/A       100%        3
 Ignite Poison            Fire/Tmut/Pois 0%         N/A       100%        3
 Mephitic Cloud           Conj/Pois/Air  0%         N/A       100%        3
 Summon Guardian Golem    Hex/Summ       0%         N/A       100%        3
 Swiftness                Air            0%         N/A       100%        3
 Tukima's Dance           Hex            0%         N/A       100%        3
 Airstrike                Air            0%         N/A       100%        4
 Cause Fear               Hex            0%         N/A       100%        4
 Dispel Undead            Necr           0%         3d6       100%        4
 Fulminant Prism          Conj/Hex       0%         3d6       100%        4
 Hailstorm                Conj/Ice       0%         3d3       100%        4
 Iskenderun's Mystic Bla  Conj/Tloc      0%         2d3       100%        4
 Olgreb's Toxic Radiance  Pois           0%         N/A       100%        4
 Passage of Golubria      Tloc           0%         N/A       100%        4
 Petrify                  Tmut/Erth      0%         N/A       100%        4
 Sticky Flame             Conj/Fire      0%         2d3       100%        4
 Summon Ice Beast         Ice/Summ       0%         N/A       100%        4
 Blade Hands              Tmut           0%         N/A       100%        5
 Freezing Cloud           Conj/Ice/Air   0%         6-21      100%        5
 Irradiate                Conj/Tmut      0%         3d13      100%        5
 Iskenderun's Battlesphe  Conj           0%         2d6       100%        5
 Lee's Rapid Deconstruct  Erth           0%         3d5*      100%        5
 Lightning Bolt           Conj/Air       0%         1d11      100%        5
 Metabolic Englaciation   Hex/Ice        0%         N/A       100%        5
 Summon Mana Viper        Hex/Summ       0%         N/A       100%        5
 Yara's Violent Unravell  Hex/Tmut       0%         3d3       100%        5
 Conjure Ball Lightning   Conj/Air       0%         3x3d6     100%        6
 Dispersal                Tloc           0%         N/A       100%        6
 Iron Shot                Conj/Erth      0%         9d1       100%        6
 Simulacrum               Ice/Necr       0%         N/A       100%        6
 Dragon Form              Tmut           0%         N/A       100%        7
 Monstrous Menagerie      Summ           0%         N/A       100%        7
 Spellforged Servitor     Conj/Summ      0%         N/A       100%        7
 Summon Hydra             Summ           0%         N/A       100%        7
 Discord                  Hex            0%         N/A       100%        8
 Disjunction              Tloc           0%         N/A       100%        8
 Lehudib's Crystal Spear  Conj/Erth      0%         10d2      100%        8
 Maxwell's Capacitive Co  Air            0%         ∞         100%        8
 Dragon's Call            Summ           0%         N/A       100%        9


Dungeon Overview and Level Annotations

Branches:
Dungeon (15/15)            Temple (1/1) D:5            Lair (6/6) D:10
  Swamp (4/4) Lair:4       Spider (4/4) Lair:2        Slime (0/5) Lair:6
    Orc (2/2) D:10            Elf (0/3) Orc:2        Vaults (0/5) D:13
 Depths (0/4) D:15          Sewer (visited)           IceCv (visited)
Volcano (visited)

Altars:
Ashenzari
Cheibriados
Dithmenos
Elyvilon
Fedhas
Kikubaaqudgha
Makhleb
Nemelex Xobeh
Okawaru
Qazlal
Ru
Trog
Uskayaw
Vehumet
Xom
Yredelemnul
Zin
The Shining One
Beogh
Lugonu

Shops:
D:1 (??=   D:6 (   D:11 (   D:12 =   D:13 [   Orc:2 !=(!

Portals:
Abyss: Lair:6

Annotations:
Abyss:1 Mara


Innate Abilities, Weirdness & Mutations

You have razor-sharp teeth.
Your natural rate of healing is unusually fast.
When hurt, damage is shared between your health and your magic reserves.
Your bite disrupts and absorbs the magic of your enemies.
Potions cannot restore your health.
Your flesh is heat resistant. (rF+)
Your spells are a little easier to cast, but a little less powerful.


Message History

Uskayaw will force your foes to helplessly watch your dance.
As you read the scroll of teleportation, it crumbles to dust.
You feel strangely unstable. You block something's attack.
Something hits you but does no damage.
Something stings you but does no damage.
The wolf spider barely misses you. x2; You block the redback's attack.
The wolf spider hits you but does no damage.
The wolf spider bites you!
The redback bites you but does no damage.
The redback closely misses you.
The radroach waves its antennae.
The redback simulacrum bites you but does no damage.
The wolf spider attacks as you move away!
You block the wolf spider's attack. The wolf spider bites you!
* * * LOW HITPOINT WARNING * * *
You are poisoned.
The wolf spider poisons you!
You feel very sick.
The redback bites you but does no damage. x2
Something hits you.
* * * LOW HITPOINT WARNING * * *
Something hits you.
* * * LOW HITPOINT WARNING * * *
Something stings you but does no damage.
You block the redback simulacrum's attack.
You block the wolf spider's attack. The wolf spider bites you.
* * * LOW HITPOINT WARNING * * *
The redback bites you.
* * * LOW HITPOINT WARNING * * *
You are more poisoned.
The redback poisons you!
You feel you are being watched by something.
You feel your power leaking away.
Something hits you but does no damage. x2; Something stings you.
* * * LOW HITPOINT WARNING * * *
You feel dopey.
Blink to where?
Press: ? - help, Dir - move target
As you read the scroll of blinking, it crumbles to dust.
You die...

......^..#........^.....#...^<...
.#.....#......^.................^
.......#.##^....................#
.......#....#.##.....############
.###.....#...^......## ###
...^........###....####....
...#.##..^.^.......^..^.#
#......^..............###
............^...@...^.#
^#^..#.#.............##. .##
..#..........†..^....?... ..
.#...#...............##..w..
....^#^....#..........# ..s .
#^##.......##..^......###Z# #≈.
..........##..^#.#.^...^#s#....
....†.....##^###.###≈sZ§{s...^.
^.....#...#..##.^^##..sssZ.....


You could see a redback and a redback simulacrum.

Vanquished Creatures
  Bai Suzhen (Swamp:3)
  Nikola (Swamp:4)
  Jorgrun (Lair:2)
  Asterion (Spider:1)
  A thorn hunter (Swamp:3)
  Kirke (Lair:5)
  The ghost of turdburglar the Fighter, an adept DsMo of Makhleb (Swamp:2)
  2 fenstrider witches
  An emperor scorpion (Spider:4)
  A broodmother (Spider:4)
  2 eleionomae
  8 bunyips
  2 entropy weavers
  3 spark wasps (Spider:3)
  A dire elephant (Lair:4)
  Josephine (Orc:2)
  A spectral fenstrider witch (Swamp:2)
  2 shambling mangroves (Swamp:4)
  21 hydras
  Erolcha (Orc:2)
  4 centaur warriors
  4 vault guards (D:13)
  An ogre mage (Orc:2)
  3 ghost crabs
  An ice dragon (IceCv)
  2 jorogumos
  3 radroaches
  3 two-headed ogres
  7 alligators (Swamp:2)
  6 boulder beetles
  A vampire mage (D:15)
  4 thrashing horrors (Lair:6)
  Nergalle (Orc:1)
  Sonja (Orc:2)
  9 pharaoh ants
  A skeletal warrior (D:15)
  2 goliath frogs (Swamp:3)
  A sea snake (Lair:2)
  2 sun moths
  3 spriggan druids
  A sea snake (shapeshifter) (D:14)
  7 steelbarb worms
  8 orb spiders
  A bog body (Swamp:3)
  A necromancer (D:15)
  A fenstrider witch simulacrum (Swamp:2)
  An orc knight (Orc:2)
  9 orc sorcerers
  15 ugly things
  A lindwurm (Lair:1)
  13 swamp dragons
  A fire giant zombie (D:15)
  2 deep elf pyromancers (D:14)
  A shadow dragon skeleton (D:15)
  3 spectral spriggans (Swamp:2)
  2 oklob plants
  3 will-o-the-wisps
  15 wolf spiders
  7 cyclopes
  A moth of wrath (Spider:4)
  3 manticores
  35 elephants
  2 ice statues (IceCv)
  A salamander (shapeshifter) (D:15)
  2 molten gargoyles (Volcano)
  An eye of devastation (Lair:6)
  3 black mambas
  3 gargoyles
  2 smoke demons
  6 torpor snails
  An unseen horror (D:13)
  7 rime drakes
  4 kobold demonologists
  10 demonic crawlers
  9 komodo dragons
  11 cane toads
  2 spriggan zombies (D:15)
  A komodo dragon (shapeshifter) (Lair:6)
  An ancient zyme (Lair:6)
  An efreet (D:15)
  3 spectral death drakes (Swamp:2)
  A guardian mummy (D:15)
  2 red devils (Volcano)
  10 trolls
  6 meliai
  19 tarantellas
  13 hornets
  2 queen bees
  16 tyrant leeches
  A polar bear (Lair:4)
  26 blink frogs
  A blink frog (shapeshifter) (Lair:6)
  10 slime creatures
  2 dream sheep (Lair:6)
  7 wraiths
  23 jumping spiders
  A shadow (D:10)
  3 vampires
  23 culicivoras
  12 spriggans
  3 wyverns
  A culicivora (shapeshifter) (D:14)
  2 hogs (Lair:5)
  3 ynoxinuls (Lair:6)
  2 large abominations (Lair:6)
  7 humans (D:13)
  A fire bat (Volcano)
  A chaos spawn (Lair:6)
  31 yaks
  3 vampire mosquitoes (D:11)
  8 basilisks
  A basilisk (shapeshifter) (D:15)
  38 redbacks
  2 steam dragons
  18 swamp worms
  3 acid dragons
  2 wargs (Orc:1)
  2 death drake simulacra (Swamp:2)
  A floating eye (Lair:6)
  A hell hound (Volcano)
  10 water moccasins
  2 black bears
  Pargi (Sewer)
  10 swamp drakes
  14 orc warriors
  A sky beast (D:5)
  6 ogres
  A spriggan simulacrum (Swamp:2)
  A centaur (shapeshifter) (D:14)
  25 wolves
  5 centaurs
  2 kobold brigands
  11 bullfrogs
  3 necrophages (D:4)
  A wyvern zombie (D:7)
  2 scorpions (D:6)
  5 wights (D:7)
  12 small abominations (Lair:6)
  2 lindwurm simulacra (IceCv)
  26 killer bees
  6 howler monkeys
  6 electric eels
  2 centaur zombies (D:7)
  A crimson imp (Spider:1)
  4 komodo dragon simulacra (IceCv)
  A bullfrog zombie (D:7)
  6 lava snakes (Volcano)
  8 hounds
  3 jellies
  19 orc priests
  2 gnoll shamans
  3 scorpion zombies (D:4)
  4 hell rats (Lair:4)
  An iguana (D:4)
  Terence (D:3)
  37 orc wizards
  2 killer bee zombies (D:7)
  A hound zombie (D:4)
  A howler monkey zombie (D:7)
  6 acid dragon simulacra (IceCv)
  16 gnolls
  13 adders
  2 shadow imps (D:8)
  13 white imps
  3 ufetubi
  9 steam dragon simulacra (IceCv)
  3 worms
  4 dart slugs (D:1)
  65 orcs
  8 bats
  6 endoplasms
  2 giant cockroaches (Sewer)
  8 goblins
  6 hobgoblins
  3 quokkas
  6 ball pythons
  3 frilled lizards
  13 kobolds
  7 rats
  A butterfly (Swamp:4)
1066 creatures vanquished.

Vanquished Creatures (others)
  A deep elf pyromancer (D:14)
  A bloated husk (Swamp:1)
  2 dream sheep (Lair:6)
  2 culicivoras (Spider:4)
  A spriggan zombie (Swamp:3)
  A human (D:13)
  A redback (Spider:4)
  An orc (Orc:2)
  A bat (D:10)
  4 briar patches (Swamp:3)
  A bush (D:4)
  12 foxfires
  69 fungi
  65 plants
  5 withered plants
167 creatures vanquished.

Grand Total: 1233 creatures vanquished

Notes
Turn   | Place    | Note
-------+----------+-------------------------------------------
     0 | D:1      | zishaf the Vine Stalker Brigand began the quest for the
                  | Orb.
     0 | D:1      | Reached XP level 1. HP: 11/11 MP: 2/2
   332 | D:1      | Found Qiesm's Magic Scroll Boutique.
   360 | D:1      | Found a faded altar of an unknown god.
   369 | D:1      | Reached skill level 1 in Dodging
   369 | D:1      | Reached XP level 2. HP: 15/15 MP: 3/3
   374 | D:1      | Reached skill level 5 in Stealth
   550 | D:1      | Found Feriduerak's Jewellery Shoppe.
   665 | D:1      | Found Afeokkic's Magic Scroll Emporium.
   696 | D:1      | Found Emuemm's Antique Weapon Shop.
   732 | D:1      | Reached XP level 3. HP: 16/18 MP: 4/4
  1839 | D:3      | Gained mutation: Your natural rate of healing is unusually
                  | fast. [Vine Stalker growth]
  1839 | D:3      | Reached XP level 4. HP: 23/23 MP: 3/5
  2038 | D:3      | Noticed Terence
  2057 | D:3      | Killed Terence
  2081 | D:3      | Reached XP level 5. HP: 28/28 MP: 6/6
  2501 | D:3      | Reached XP level 6. HP: 32/32 MP: 7/7
  2573 | D:4      | Found a glowing drain.
  2601 | Sewer    | Entered a sewer
  2639 | Sewer    | Noticed Pargi
  2652 | Sewer    | Killed Pargi
  2878 | D:4      | Found a blossoming altar of Fedhas.
  2965 | D:4      | Reached XP level 7. HP: 38/38 MP: 8/8
  3042 | D:4      | Reached skill level 5 in Fighting
  3042 | D:4      | Reached skill level 5 in Short Blades
  3307 | D:4      | Found a glowing golden altar of the Shining One.
  3487 | D:4      | Gained mutation: You have razor-sharp teeth. [Vine Stalker
                  | growth]
  3487 | D:4      | Reached XP level 8. HP: 44/44 MP: 9/9
  3597 | D:5      | Entered Level 5 of the Dungeon
  3656 | D:5      | Found a staircase to the Ecumenical Temple.
  3664 | Temple   | Entered the Ecumenical Temple
  3708 | Temple   | Became a worshipper of Uskayaw the Reveller
  3745 | D:5      | Reached * piety under Uskayaw
  3751 | D:5      | Reached ** piety under Uskayaw
  3758 | D:5      | Reached *** piety under Uskayaw
  3979 | D:5      | Reached skill level 1 in Invocations
  4294 | D:5      | Reached **** piety under Uskayaw
  4307 | D:5      | Reached ***** piety under Uskayaw
  4359 | D:5      | Noticed a yak
  4359 | D:5      | Noticed a yak
  4360 | D:5      | Noticed a yak
  4363 | D:5      | Noticed a yak
  4368 | D:5      | Killed a yak
  4369 | D:5      | Reached skill level 2 in Invocations
  4378 | D:5      | Killed a yak
  4379 | D:5      | Reached skill level 3 in Invocations
  4386 | D:5      | Killed a yak
  4389 | D:5      | Reached ****** piety under Uskayaw
  4397 | D:5      | Killed a yak
  4398 | D:5      | Reached skill level 4 in Invocations
  4398 | D:5      | Reached XP level 9. HP: 34/50 MP: 11/13
  5078 | D:6      | Identified a scroll of acquirement
  5078 | D:6      | Acquired a +4 quick blade
  5341 | D:6      | Found Paostropt's Antique Weapon Boutique.
  5354 | D:6      | Reached skill level 5 in Invocations
  6021 | D:7      | Reached skill level 6 in Invocations
  7029 | D:8      | Reached skill level 7 in Invocations
  7029 | D:8      | Reached XP level 10. HP: 21/57 MP: 16/16
  7288 | D:8      | Identified the +1 rapier of the Unspeakable One {chaos,
                  | rN+}
  7343 | D:8      | Found a faded altar of an unknown god.
  7343 | D:8      | Found a basalt altar of Yredelemnul.
  7351 | D:8      | Found a snail-covered altar of Cheibriados.
  7353 | D:8      | Found a bloodstained altar of Trog.
  7355 | D:8      | Found a glowing silver altar of Zin.
  8170 | D:9      | Reached skill level 1 in Shields
  8253 | D:9      | Found an iron altar of Okawaru.
  8315 | D:9      | Reached skill level 8 in Invocations
  8796 | D:10     | Entered Level 10 of the Dungeon
  9092 | D:10     | Reached skill level 10 in Fighting
  9095 | D:10     | Found a staircase to the Lair.
  9260 | D:10     | Noticed a gargoyle
  9265 | D:10     | Noticed a kobold demonologist
  9272 | D:10     | Noticed an orange demon
  9277 | D:10     | Noticed a kobold demonologist
  9283 | D:10     | Noticed a kobold demonologist
  9410 | D:10     | Noticed a soul eater
  9415 | D:10     | Killed a kobold demonologist
  9416 | D:10     | Reached skill level 9 in Invocations
  9416 | D:10     | Reached XP level 11. HP: 61/63 MP: 16/18
  9716 | D:10     | Found a staircase to the Orcish Mines.
 10202 | D:11     | Reached skill level 10 in Invocations
 10275 | D:11     | Noticed a boulder beetle
 10354 | D:11     | Killed a boulder beetle
 10607 | D:11     | Identified the +1 cloak of the Eleven Nightmares {Int+7}
 10626 | D:11     | Noticed a seven-headed hydra
 10633 | D:11     | Killed a seven-headed hydra
 10709 | D:11     | Noticed a cyclops
 10711 | D:11     | Found a broken altar of Ashenzari.
 10719 | D:11     | Killed a cyclops
 10773 | D:11     | Found Qoqefily's Antique Weapon Boutique.
 11199 | D:1      | Bought the ring "Peiherr" {rPois rN+} for 312 gold pieces
 11396 | Lair:1   | Entered Level 1 of the Lair of Beasts
 11450 | Lair:1   | Reached skill level 11 in Invocations
 11512 | Lair:1   | Reached XP level 12. HP: 60/70 MP: 18/21
 11626 | Lair:1   | Noticed an eight-headed hydra
 11637 | Lair:1   | Killed an eight-headed hydra
 11645 | Lair:1   | Noticed an eight-headed hydra
 11830 | Lair:1   | Found a dark tunnel.
 11860 | Volcano  | Entered a volcano
 12121 | Volcano  | Found a radiant altar of Vehumet.
 12228 | Volcano  | Identified the +1 fire dragon scales of Boc Jimu {rPois
                  | rF++ rC- Regen+ MP+9}
 12328 | Lair:1   | Reached skill level 12 in Invocations
 12503 | Lair:1   | Reached skill level 10 in Stealth
 12774 | Lair:2   | Noticed a four-headed hydra
 12791 | Lair:2   | Killed a four-headed hydra
 12854 | Lair:2   | Found a hole to the Spider Nest.
 12902 | Lair:2   | Reached XP level 13. HP: 73/77 MP: 21/23
 13014 | Lair:2   | Identified the +2 robe "Viaruvoc" {rPois rC+}
 13141 | Lair:2   | Reached skill level 13 in Invocations
 13208 | Lair:2   | Found a white marble altar of Elyvilon.
 13846 | Lair:3   | Found a snail-covered altar of Cheibriados.
 14412 | Lair:4   | Reached skill level 1 in Long Blades
 14412 | Lair:4   | Reached skill level 1 in Evocations
 14567 | Lair:4   | Noticed a dire elephant
 14590 | Lair:4   | Killed a dire elephant
 15053 | Lair:4   | You are sucked into a shaft and drop 2 floors!
 15053 | Lair:6   | Entered Level 6 of the Lair of Beasts
 15269 | Lair:5   | Reached XP level 14. HP: 84/84 MP: 25/25
 15270 | Lair:5   | Found a frozen archway.
 15279 | Lair:5   | Reached skill level 14 in Invocations
 15352 | IceCv    | Entered an ice cave
 15627 | IceCv    | Got the Disquisition on the Glacier
 15927 | Lair:4   | Found a staircase to the Swamp.
 16229 | Lair:5   | Noticed Kirke
 16244 | Lair:5   | Killed Kirke
 16347 | Lair:5   | Reached skill level 5 in Evocations
 16546 | Lair:5   | Acquired a manual of Shields
 17014 | Lair:6   | Reached skill level 5 in Shields
 17025 | Lair:6   | Got the Collected Works on Warped Clay
 17325 | Lair:6   | Reached skill level 15 in Invocations
 17329 | Lair:6   | Found a corrupted altar of Lugonu.
 17329 | Lair:6   | Found a one-way gate to the infinite horrors of the Abyss.
 17544 | Lair:6   | Reached skill level 15 in Fighting
 17820 | Lair:6   | Found a staircase to the Slime Pits.
 17827 | Lair:6   | Paralysed by a floating eye for 4 turns
 17840 | Lair:6   | Reached XP level 15. HP: 73/90 MP: 27/27
 18334 | Orc:1    | Entered Level 1 of the Orcish Mines
 18473 | Orc:2    | Entered Level 2 of the Orcish Mines
 18473 | Orc:2    | Noticed Josephine
 18490 | Orc:2    | Killed Josephine
 18702 | Orc:2    | Found a staircase to the Elven Halls.
 18870 | Orc:2    | Found Fuebuk's Antique Weapon Shoppe.
 18916 | Orc:2    | Paralysed by an orc sorcerer for 3 turns
 18925 | Orc:2    | Noticed Sonja
 18926 | Orc:2    | Noticed Erolcha
 19022 | Orc:2    | Found a radiant altar of Vehumet.
 19031 | Orc:2    | Killed Erolcha
 19032 | Orc:2    | Reached skill level 5 in Long Blades
 19145 | Orc:2    | Found an ancient bone altar of Kikubaaqudgha.
 19171 | Orc:2    | Killed Sonja
 19188 | Orc:2    | Found Amoutz's Distillery.
 19199 | Orc:2    | Found Omnaf's Jewellery Emporium.
 19205 | Orc:2    | Found Icvui's Distillery.
 19213 | Orc:2    | Bought a potion of lignification for 42 gold pieces
 19213 | Orc:2    | Bought a potion of haste for 140 gold pieces
 19229 | Orc:2    | Bought a potion of invisibility for 120 gold pieces
 19229 | Orc:2    | Bought a potion of mutation for 120 gold pieces
 19428 | Orc:1    | Noticed Nergalle
 19428 | Orc:1    | You are sucked into a shaft and drop 1 floor!
 19505 | Orc:1    | Killed Nergalle
 19859 | D:12     | You are sucked into a shaft and drop 1 floor!
 20521 | D:12     | Found Esiziwad's Jewellery Shoppe.
 21069 | D:13     | Found a gate to the Vaults.
 21217 | D:13     | Found Lunuxom's Armour Boutique.
 22145 | D:14     | Reached skill level 10 in Shields
 22251 | D:14     | Reached skill level 16 in Invocations
 22518 | D:15     | Entered Level 15 of the Dungeon
 22546 | D:14     | Reached XP level 16. HP: 60/95 MP: 29/29
 22837 | D:15     | Found a staircase to the Depths.
 23513 | D:1      | Bought a scroll of enchant weapon for 90 gold pieces
 23800 | Swamp:1  | Entered Level 1 of the Swamp
 24360 | Swamp:2  | Noticed turdburglar's ghost (adept DsMo)
 24360 | Swamp:2  | Found a runed translucent gate.
 24360 | Swamp:2  | Found a runed translucent gate.
 24360 | Swamp:2  | Found a runed translucent gate.
 24715 | Swamp:2  | Noticed a fenstrider witch
 24732 | Swamp:2  | Killed a fenstrider witch
 25525 | Swamp:2  | Killed turdburglar's ghost
 25552 | Swamp:2  | Identified the +0 cloak "Ziwkucro" {Int-2 Dex+3 SInv}
 25559 | Swamp:2  | Identified the +4 spear of Ohaim {speed, Dex+2 Stlth+}
 25589 | Swamp:2  | Gained mutation: Your spells are a little easier to cast,
                  | but a little less powerful. [potion of mutation]
 25589 | Swamp:2  | Gained mutation: Your flesh is heat resistant. (rF+)
                  | [potion of mutation]
 25771 | Swamp:3  | Noticed a thorn hunter
 25895 | Swamp:3  | Killed a thorn hunter
 26071 | Swamp:3  | Noticed Mara
 26202 | Swamp:3  | Reached XP level 17. HP: 101/101 MP: 30/30
 26229 | Swamp:3  | Banished Mara
 26309 | Swamp:3  | Noticed Bai Suzhen
 26327 | Swamp:3  | Killed Bai Suzhen
 26328 | Swamp:3  | Reached skill level 17 in Invocations
 26434 | Swamp:3  | Reached skill level 1 in Armour
 26697 | Spider:1 | Entered Level 1 of the Spider Nest
 26702 | Spider:1 | Noticed Asterion
 26712 | Spider:1 | Killed Asterion
 26867 | Spider:1 | Noticed Jorgrun
 27011 | Lair:2   | Killed Jorgrun
 28288 | Spider:2 | Identified the +3 dagger "Beastslayer" {vorpal, Fly rC+}
 29314 | Spider:3 | Reached XP level 18. HP: 108/108 MP: 31/31
 30104 | Swamp:4  | Entered Level 4 of the Swamp
 30104 | Swamp:4  | Noticed Nikola
 30120 | Swamp:4  | Killed Nikola
 30138 | Swamp:4  | Reached skill level 5 in Dodging
 30149 | Swamp:4  | Reached skill level 18 in Invocations
 30380 | Swamp:4  | Reached skill level 5 in Armour
 30534 | Swamp:4  | HP: 3/108 [poisoned by a hornet]
 30686 | Swamp:4  | Got a decaying rune of Zot
 31184 | Spider:4 | Entered Level 4 of the Spider Nest
 31825 | Spider:4 | HP: 4/109 [redback (4)]
 31826 | Spider:4 | Succumbed to a redback's poison

Illustrated notes

Levels and vault maps discovered:
D:1:      minmay_arrival_stair_chambers, layout_loops_cross, serial_glass,
          glass_columns_a, glass_columns_a, glass_columns_a, glass_columns_a,
          minmay_strange_pillars, serial_shops, nicolae_shop_crystal, shop,
          nicolae_shop_stone, nicolae_diamond_shop,
          ebering_ecumenical_altar_box, minivault_26
D:2:      layout_loops_cross
D:3:      layout_basic, uniq_terence
D:4:      layout_cave_pools, kennysheep_mini, fedhas_altar_decomposition,
          cheibrodos_sewer_entry_drain
D:5:      layout_basic, temple_fountains
D:6:      layout_gridville, serial_shops, shop
D:7:      layout_cave_pods, serial_undead, serial_undead_e, serial_undead_f,
          serial_undead_d, serial_undead_c, kennysheep_generic_room_12
D:8:      layout_cave_pods, chequers_temple_overflow_minitemple
D:9:      layout_basic, lemuel_round_altar, hangedman_abyss_or_decor_stagger
D:10:     layout_basic, erik_lair_island, david_orc_4
D:11:     layout_basic, serial_shops, nicolae_shop_advertising_works
          [nicolae_subvault_shop_adworks], chequers_serial_rivers_room_a,
          nicolae_ashenzari_skybound
D:12:     layout_irregular_city, serial_glass, glass_columns_c, glass_columns_b,
          glass_columns_b, glass_columns_a, glass_columns_a, glass_columns_c,
          serial_shops, nicolae_shop_crystal
D:13:     layout_gridville, ximxim_vaults_locker_room, special_room
          [special_room_bee], serial_shops, kennysheep_mini_moat
D:14:     layout_loops_ring, hellmonk_bongcloud_opening, grunt_potential
D:15:     gammafunk_depths_entry_grave, layout_small_grid, serial_park_square1
          [serial_park_minivault_5x5_4]
Temple:   regret_index_temple_waves
Lair:1:   layout_big_grid, nicolae_volcano_entry_vermiform,
          chequers_serial_rivers_micro_c, minmay_lair_oklob_items
Lair:2:   layout_regular_city, spider_nest_entry_a, lemuel_oklob_altar
Lair:3:   layout_hall_layers, basic_altar, infiniplex_staircase_pool_2
Lair:4:   mu_elephants_graveyard, layout_gridlike, minmay_swamp_entry_worms,
          chequers_serial_rivers_small_b
Lair:5:   layout_cellular_growth, portal_ice_cave_entry_imps,
          beast_lair_carwin_11, grunt_megastairs_1, uniq_kirke
Lair:6:   hellmonk_lair_end_abyssal_woods, layout_regular_city,
          minmay_slime_entry_eyes, nicolae_quartered_pool_super,
          grunt_megastairs_4
Swamp:1:  layout_falls_marsh, evilmike_swamp_ruin_rubble_1,
          infiniplex_staircase_pool
Swamp:2:  layout_basic_swamp, gammafunk_ghost_necromancy,
          nicolae_swamp_triple_paths, swamp_pool4, st_swamp_ruins_1
Swamp:3:  layout_basic_swamp, hangedman_swamp_ruin_wall, uniq_bai_suzhen,
          uniq_mara
Swamp:4:  swamp, layout_basic_swamp, swamp_pool2,
          nicolae_swamp_frolicking_bunyips, uniq_nikola
Spider:1: layout_spider_delve, drop_trap, nicolae_crawler_farm, uniq_asterion,
          uniq_jorgrun
Spider:2: layout_spider_delve
Spider:3: layout_spider_delve, nicolae_spider_bzzzt
Spider:4: hellmonk_spider_rune_endless_swarm, uniq_arachne
Orc:1:    layout_caves, uniq_nergalle
Orc:2:    kennysheep_orc_mage_school, layout_caves, nicolae_orc_crystal_geode,
          uniq_sonja, uniq_josephine

Skill      XL: |  1  2  3  4  5  6  7  8  9 10 11 12 13 14 15 16 17 18 |
---------------+-------------------------------------------------------+-----
Dodging        | 1 4 6 |  6.4
Fighting       | 2 3 4 5 7 8 10 11 13 14 15 16 17 | 17.9
Short Blades   | 2 3 4 5 6 |  6.5
Stealth        | 5 6 7 10 11 13 | 13.0
Throwing       | 2 |  2.0
Invocations    | 4 7 9 11 12 13 15 16 17 18 | 18.4
Shields        | 4 7 10 12 13 | 13.0
Long Blades    | 3 4 6 |  6.9
Evocations     | 3 5 |  5.0
Armour         | 4 6 |  6.2

Action                   |  1- 3 |  4- 6 |  7- 9 | 10-12 | 13-15 | 16-18 || total
-------------------------+-------+-------+-------+-------+-------+-------++-------
Melee: Dagger            |    76 |   224 |   280 |       |       |       ||   580
       Bite              |    15 |   109 |   204 |   222 |   659 |   795 ||  2004
       Punch             |     1 |       |       |       |       |       ||     1
       Quick blade       |       |       |   153 |   586 |  1490 |  1658 ||  3887
Throw: Dart              |       |     1 |     1 |       |       |       ||     2
       Boomerang         |       |       |     3 |    14 |       |     5 ||    22
Invok: Grand Finale      |       |       |       |       |     6 |    13 ||    19
       Stomp             |       |       |       |       |       |     3 ||     3
Evoke: Wand              |       |       |       |     8 |     1 |     3 ||    12
       Tin of tremorston |       |       |       |       |       |     1 ||     1
  Use: Scroll            |       |    10 |    10 |    10 |    10 |    10 ||    50
       Potion            |       |       |       |     1 |       |     5 ||     6
 Stab: Sleeping          |     7 |     4 |     1 |    18 |    14 |    16 ||    60
       Paralysed         |       |       |    13 |    40 |   129 |    97 ||   279
       Invisible         |       |       |       |     3 |       |     1 ||     4
       Distracted        |       |       |       |     1 |     3 |     3 ||     7
       Confused          |       |       |       |       |       |     8 ||     8
       Petrifying        |       |       |       |       |       |     2 ||     2
Armor: Leather armour    |    17 |       |       |     2 |       |       ||    19
       Ring mail         |     4 |    71 |   123 |    14 |       |       ||   212
       Troll leather arm |       |       |       |    65 |    12 |       ||    77
       Fire dragon scale |       |       |       |       |   400 |   537 ||   937
       Robe              |       |       |       |       |    14 |       ||    14
Dodge: Dodged            |    31 |    64 |   155 |   137 |   293 |   395 ||  1075
Block: Buckler           |       |       |       |    65 |   304 |   357 ||   726
       Tower shield      |       |       |       |       |       |   140 ||   140

Table legend: (Time is in decaauts)
 A = Elapsed time spent in this place.
 B = Non-inter-level travel time spent in this place.
 C = Inter-level travel time spent in this place.
 D = Time resting spent in this place.
 E = Time spent auto-exploring this place.
 F = Levels seen in this place.
 G = Mean time per level.
                   A        B        C        D        E       F      G
               +--------+--------+--------+--------+--------+-----+--------+
         Total |  29436 |  26714 |   2722 |   1030 |  17317 |  35 |  841.0 |
       Dungeon |  14638 |  13109 |   1529 |    182 |   9887 |  15 |  975.9 |
        Temple |     80 |     46 |     34 |      0 |     35 |   1 |   80.0 |
          Lair |   6037 |   5423 |    614 |    168 |   3312 |   6 | 1006.2 |
         Swamp |   3374 |   3151 |    223 |    364 |   1673 |   4 |  843.5 |
   Spider Nest |   3262 |   3028 |    234 |    247 |   1603 |   4 |  815.5 |
  Orcish Mines |   1143 |   1056 |     87 |     42 |    674 |   2 |  571.5 |
         Sewer |    148 |    148 |      0 |      0 |     75 |   1 |  148.0 |
      Ice Cave |    337 |    337 |      0 |     10 |     57 |   1 |  337.0 |
       Volcano |    414 |    414 |      0 |     17 |      0 |   1 |  414.0 |
               +--------+--------+--------+--------+--------+-----+--------+

Top non-repeatable levels by time:
     D:5: 1403 daAuts
    D:10: 1361 daAuts
  Lair:2: 1218 daAuts
    D:13: 1171 daAuts
  Lair:6: 1164 daAuts
     D:7: 1160 daAuts
 Swamp:2: 1160 daAuts
Spider:2: 1102 daAuts
     D:1: 1045 daAuts
  Lair:5: 1022 daAuts
     D:9: 1003 daAuts
    D:11: 988 daAuts
  Lair:4: 949 daAuts
     D:3: 947 daAuts
     D:6: 920 daAuts
